 Dungeon Crawl Stone Soup version 0.29-a0-541-gaf1fc19f1b (webtiles) character file.

Game seed: 8328409590487552716

32 happo123 the Sneak (level 3, -2/20 HPs)
             Began as a Kobold Enchanter on June 2, 2022.
             Slain by Terence
             ... wielding a +4 vorpal flail
              (4 damage)
             ... on level 2 of the Dungeon.
             The game lasted 00:03:42 (1491 turns).

happo123 the Sneak (Kobold Enchanter)               Turns: 1491, Time: 00:03:43

Health: -2/20      AC:  5    Str:  5    XL:     3   Next: 42%
Magic:  2/6        EV: 15    Int: 18    God:
Gold:   69         SH:  0    Dex: 15    Spells: 1/6 levels left

rFire   . . .      SeeInvis .   a - +1 dagger
rCold   . . .      Faith    .   (no shield)
rNeg    . . .      Spirit   .   b - +0 robe
rPois   .          Reflect  .   (no helmet)
rElec   .          Harm     .   (no cloak)
rCorr   .          Rampage  +   (no gloves)
Will    .....                   j - +2 pair of boots {rampage}
Stlth   ++++......              (no amulet)
HPRegen 0.06/turn               (no ring)
MPRegen 0.10/turn               (no ring)

@: no status effects
A: small, no large weapons, nightstalker 3
a: no special abilities


You were on level 2 of the Dungeon.
You visited 1 branch of the dungeon, and saw 2 of its levels.

You collected 69 gold pieces.

Inventory:

Hand Weapons
 a - a +1 dagger (weapon)
Armour
 b - a +0 robe (worn)
 j - a +2 pair of boots of rampaging (worn)
Scrolls
 f - 2 scrolls of identify {unknown}
 h - 2 scrolls of immolation {unknown}
 k - a scroll of enchant armour {unknown}
Potions
 c - 3 potions of invisibility
 d - a potion of heal wounds {unknown}
 e - a potion of attraction {unknown}
 g - a potion of ambrosia {unknown}
 i - a potion of brilliance {unknown}


   Skills:
 + Level 0.8 Fighting
 + Level 2.1 Short Blades
 + Level 2.8 Dodging
 + Level 4.2 Stealth
 + Level 2.3 Spellcasting
 * Level 3.4 Hexes


You had one spell level left.
You knew the following spells:

 Your Spells              Type           Power      Damage    Failure   Level
a - Ensorcelled Hibernat  Hex/Ice        16%        N/A       13%         2
b - Confusing Touch       Hex            14%        N/A       13%         3

Your spell library contained the following spells:

 Spells                   Type           Power      Damage    Failure   Level
 Tukima's Dance           Hex            14%        N/A       13%         3
 Dazzling Flash           Conj/Hex       16%        N/A       26%         3


Dungeon Overview and Level Annotations

Branches:
Dungeon (2/15)

Altars:

Annotations:
D:2 Terence


Innate Abilities, Weirdness & Mutations

You are small and have problems with some larger weapons.
You are completely attuned to the shadows.


Message History

Found a pair of runed boots.
You see here a +2 pair of boots of rampaging.
You start putting on your armour.
You continue putting on your +2 pair of boots of rampaging. x4
You finish putting on your +2 pair of boots of rampaging.
You feel ready to rampage towards enemies.
k - a scroll labelled ROSIDITOOS Terence the Incautious comes into view.
He is wielding a +4 vorpal flail.
Terence shouts!
There are no items here.
Aiming: Ensorcelled Hibernation (safe; 13% risk of failure)
Press: ? - help, Q - select action Shift-Dir - straight line, f - Terence
Aim: Terence, wielding a +4 vorpal flail and wearing a +0 scale mail (chance to affect: 50%) Terence resists with some effort.
Aiming: Ensorcelled Hibernation (safe; 13% risk of failure)
Press: ? - help, Q - select action Shift-Dir - straight line, f/p - Terence
Aim: Terence, wielding a +4 vorpal flail and wearing a +0 scale mail (chance to affect: 50%) Terence looks drowsy...
You rampage towards Terence!
A rat comes into view.
The helpless Terence fails to defend himself.
You impale Terence!!
Terence is almost dead.
Terence barely misses you.
You hit Terence but do no damage.
Terence is almost dead.
Terence hits you with a +4 vorpal flail.
You completely miss Terence.
Terence is almost dead.
Terence hits you with a +4 vorpal flail!
Ouch! That really hurt!
* * * LOW HITPOINT WARNING * * *
x2 You hit Terence.
Terence is almost dead.
Terence says, "Don't bother to defend, it's senseless."
Terence barely misses you. The rat closely misses you.
You hit Terence but do no damage.
Terence is almost dead.
Terence hits you with a +4 vorpal flail.
You die...

............####..
...............#..
##.............#
#.............#
.####.............#
...........########
#####.......
............
..#.@.......
#r@...... #.......
#...... ..###..


You could see Terence and a rat.

Vanquished Creatures
  A dart slug (D:1)
  4 endoplasms (D:1)
  A giant cockroach (D:1)
  A goblin (D:1)
  2 hobgoblins (D:1)
  6 jackals (D:1)
  A kobold (D:1)
  A quokka (D:1)
  3 ball pythons (D:1)
  2 bats (D:1)
  A frilled lizard (D:1)
  3 rats
26 creatures vanquished.

Notes
Turn   | Place    | Note
-------+----------+-------------------------------------------
     0 | D:1      | happo123 the Kobold Enchanter began the quest for the Orb.
     0 | D:1      | Reached XP level 1. HP: 10/10 MP: 3/3
   285 | D:1      | Reached XP level 2. HP: 15/15 MP: 5/5
   288 | D:1      | Learned a level 2 spell: Ensorcelled Hibernation
   745 | D:1      | Reached XP level 3. HP: 19/20 MP: 1/6
  1382 | D:2      | Learned a level 3 spell: Confusing Touch
  1484 | D:2      | Noticed Terence
  1491 | D:2      | Slain by Terence

Illustrated notes

Levels and vault maps discovered:
D:1:      saegor_arrival_under_anarchy, layout_rooms, serial_aquarium,
          aquarium_bridge_straight [aquarium_subvault_bridge,
          aquarium_subvault_window, aquarium_subvault_bridge,
          aquarium_subvault_wall], aquarium_bridge_long_separate
          [aquarium_subvault_bridge, aquarium_subvault_bridge,
          aquarium_subvault_bridge, aquarium_subvault_wall,
          aquarium_subvault_window, aquarium_subvault_bridge],
          aquarium_window_corner, aquarium_window_fake, aquarium_window_fake,
          aquarium_window_1, aquarium_view_2d, aquarium_balcony_double_4,
          aquarium_pool_2
D:2:      layout_basic, basic_altar, shapermc_ecumenical_altar_mp_highgroup,
          uniq_terence

Skill      XL: |  1  2 |
---------------+-------+-----
Short Blades   | 2 |  2.1
Fighting       | |  0.8
Dodging        | |  2.8
Stealth        | |  4.2
Spellcasting   | |  2.3
Hexes          | |  3.4

Action                   || total
-------------------------++-------
Melee: Dagger            ||    73
 Cast: Ensorcelled Hiber ||    10
 Stab: Sleeping          ||    14
Armor: Robe              ||    14
Dodge: Dodged            ||    75

Table legend: (Time is in decaauts)
 A = Elapsed time spent in this place.
 B = Non-inter-level travel time spent in this place.
 C = Inter-level travel time spent in this place.
 D = Time resting spent in this place.
 E = Time spent auto-exploring this place.
 F = Levels seen in this place.
 G = Mean time per level.
                   A        B        C        D        E       F      G
               +--------+--------+--------+--------+--------+-----+--------+
         Total |   1484 |   1416 |     68 |    240 |    974 |   2 |  742.0 |
       Dungeon |   1484 |   1416 |     68 |    240 |    974 |   2 |  742.0 |
               +--------+--------+--------+--------+--------+-----+--------+

Top non-repeatable levels by time:
     D:1: 1371 daAuts
     D:2: 113 daAuts
